 Dungeon Crawl Stone Soup version 0.23-a0-49-gd9f7a49 (webtiles) character file.

4 Gergoth the Skirmisher (level 1, -1/23 HPs)
             Began as an Ogre Warper on Aug 6, 2018.
             Slain by an adder (3 damage)
             ... on level 2 of the Dungeon.
             The game lasted 00:01:10 (659 turns).

Gergoth the Skirmisher (Ogre Warper)                 Turns: 659, Time: 00:01:10

Health: -1/23      AC:  3    Str: 14    XL:     1   Next: 70%
Magic:  3/3        EV: 10    Int: 14    God:
Gold:   137        SH:  0    Dex:  8    Spells: 4/4 levels left

rFire    . . .     SeeInvis .   a - +0 mace
rCold    . . .     Gourm    .   (no shield)
rNeg     . . .     Faith    .   b - +0 robe
rPois    .         Spirit   .   (helmet restricted)
rElec    .         Reflect  .   (no cloak)
rCorr    .         Harm     .   (gloves unavailable)
MR       .....                  (boots unavailable)
Stlth    +.........             (no amulet)
HPRegen  0.07/turn              (no ring)
MPRegen  0.08/turn              (no ring)

@: lethally poisoned (-1 -> -7)
A: large, unfitting armour, tough skin 1
a: no special abilities


You were on level 2 of the Dungeon.
You were not hungry.

You visited 1 branch of the dungeon, and saw 2 of its levels.

You collected 137 gold pieces.

Inventory:

Hand Weapons
 a - a +0 mace (weapon)
Missiles
 e - 5 tomahawks of dispersal (quivered)
Armour
 b - a +0 robe (worn)
Scrolls
 d - a scroll of blinking
 g - a scroll of identify {unknown}
 h - 2 scrolls of teleportation {unknown}
 i - a scroll of immolation {unknown}
 j - a scroll of remove curse {unknown}
Potions
 c - a potion of degeneration {unknown}
Comestibles
 f - 4 rations


   Skills:
 + Level 3.0 Fighting
 + Level 2.0 Maces & Flails
 - Level 1.0 Throwing
 - Level 2.1 Dodging
 - Level 2.4 Spellcasting
   Level 2.6 Translocations


You had 4 spell levels left.
You didn't know any spells.
Your spell library contained the following spells:

 Spells                   Type           Power        Failure   Level  Hunger
 Teleport Other           Tloc           #.......     22%         3    ###....
 Blink                    Tloc           N/A          12%         2    ###....
 Passage of Golubria      Tloc           N/A          58%         4    #####..
 Shroud of Golubria       Chrm/Tloc      #.........   21%         2    ###....
 Gell's Gravitas          Tloc           #.........   22%         3    ###....
 Lesser Beckoning         Tloc           #.........   22%         3    ###....


Dungeon Overview and Level Annotations

Branches:
Dungeon (2/15)

Altars:


Innate Abilities, Weirdness & Mutations

You are too large for most types of armour.
You have tough skin. (AC +1)


Message History

The adder is severely wounded.
The adder bites you but does no damage. The adder bites you.
You are lethally poisoned!
The adder poisons you!
You miss the adder.
The adder is severely wounded.
You feel sick. The adder barely misses you. x2
You hit the adder but do no damage.
The adder is severely wounded.
* * * LOW HITPOINT WARNING * * *
You feel sick. The adder bites you.
* * * LOW HITPOINT WARNING * * *
You closely miss the adder.
The adder is severely wounded.
The adder bites you but does no damage. x2
You barely miss the adder.
The adder is severely wounded.
* * * LOW HITPOINT WARNING * * *
You feel sick. The adder bites you.
You die...

.....# #.............Sg.#
#.##.#####..........#
#.##....(..........##
#.##.############g## #.#...##
#.# ####......## #.#
...........#### #.#
####...........#####.# .####
#.......###..@Sg..# .....
#......############## ####
#.#...#.............#
#.#####.###########.##########
#.......# #......<....
######### ############


You could see an adder and a hobgoblin.

Vanquished Creatures
  2 bats
  A goblin (D:1)
  A kobold (D:1)
  A rat (D:2)
5 creatures vanquished.

Notes
Turn   | Place    | Note
-------+----------+-------------------------------------------
     0 | D:1      | Gergoth the Ogre Warper began the quest for the Orb.
     0 | D:1      | Reached XP level 1. HP: 22/22 MP: 3/3
   563 | D:2      | Reached skill level 3 in Fighting
   659 | D:2      | Slain by an adder

Vault maps used:
D:1:      lightli_arrival_noodles
D:2:      lemuel_coloured_pillars_altar, first_ration, minmay_crystal_water

Skill      XL: |  1 |
---------------+----+-----
Fighting       | 3 |  3.0
Maces & Flails | 2 |  2.0
Throwing       | |  1.0
Dodging        | |  2.1
Spellcasting   | |  2.4
Translocations | |  2.6

Action                   || total
-------------------------++-------
Melee: Mace              ||    23
Armor: Robe              ||    11
Dodge: Dodged            ||    16

Table legend:
 A = Spawn XP
 B = Non-spawn XP
 C = Spawn XP percentage of total XP
 D = Spawn monster count
 E = Non-spawn monster count
 F = Spawn count percentage of total count
 G = Total turns spent on level
                    A         B        C        D         E        F      G
               +---------+---------+-------+---------+---------+-------+---------
         Total |       0 |       7 |   0.0 |       0 |       5 |   0.0 |   659
               +---------+---------+-------+---------+---------+-------+---------
           D:1 |       0 |       5 |   0.0 |       0 |       3 |   0.0 |   561
           D:2 |       0 |       2 |   0.0 |       0 |       2 |   0.0 |    98
               +---------+---------+-------+---------+---------+-------+---------
